 Dungeon Crawl Stone Soup version 0.16-a0-1009-g0339a9e (webtiles) character file.

122381 M4edhros the Fetichist (level 16, 0/131 HPs)
             Began as an Octopode Artificer on Sept 25, 2014.
             Was an Elder of Fedhas.
             Hit by a javelin of penetration thrown by a merfolk javelineer (20 damage)
             ... on Level 5 of the Shoals on Oct 3, 2014.
             The game lasted 03:53:35 (30606 turns).

M4edhros the Fetichist (Octopode Artificer)        Turns: 30606, Time: 03:53:35

HP   0/131       AC  5     Str 14      XL: 16   Next: 87%
MP  16/32        EV 18     Int 19      God: Fedhas [****..]
Gold 962         SH 14     Dex 14      Spells:  4 memorised, 15 levels left

rFire  . . .     SeeInvis +     H - +9 rod of inaccuracy (16/16)
rCold  + . .     Rnd*Rage +     s - +1 shield {reflect}
rNeg   . . .     rCorr    .     N - +0 mask of the Dragon {MR+ Slay+3 SInv}
rPois  +         rRot     .     w - amulet of faith
rElec  +         Spirit   .     h - ring "Xetojy" {rC+ Str+3 Dex+2}
SustAb .         Warding  .     x - +3 ring of protection
rMut   .         Stasis   .     y - ring of poison resistance
Gourm  .                        q - ring of wizardry
MR     +++..                    K - ring of regeneration
                                g - ring of Vitality {HP+15 Regen}
                                B - ring of wizardry
                                P - ring of wizardry

@: manticore barbs, very slightly contaminated, extremely resistant to hostile
enchantments, fairly stealthy
A: almost no armour, amphibious, 8 rings, constrict 8, rugged brown scales 1,
camouflage 1, berserk 1, blink 2, breathe flames 1, clumsy 1, magic resistance
1, sense surroundings 1, robust 1, screaming 1, electricity resistance,
gelatinous body 1
a: Blink, Evolution, Sunlight, Growth, Reproduction, Renounce Religion, Breathe
Fire


You were on level 5 of the Shoals.
You worshipped Fedhas.
Fedhas was greatly pleased with you.
You were not hungry.

You visited 5 branches of the dungeon, and saw 33 of its levels.
You also visited: Ossuary and Volcano.

You collected 3339 gold pieces.
You spent 2377 gold pieces at shops.

Inventory:

Hand weapons
 c - a +1 demon trident of venom
 u - a +2 flail of protection
 J - a +2 hunting sling of freezing
 R - a +2 hunting sling of flaming
Armour
 b - a +2 large shield of reflection
 s - a +1 shield of reflection (worn)
 N - the +0 mask of the Dragon (worn) {MR+ Slay+3 SInv}
   (You found it on level 2 of the Orcish Mines)

   It affects your accuracy and damage with ranged weapons and melee attacks
   (+3).
   It affects your resistance to hostile enchantments.
   It enhances your eyesight.
Magical devices
 A - a wand of cold (1)
 I - a wand of slowing (13)
 O - a wand of confusion (5)
 T - a wand of digging (6)
Comestibles
 f - 6 bread rations
 j - a meat ration
 l - 29 fruits
 F - a slice of pizza
Scrolls
 a - 3 scrolls of teleportation
 e - a scroll of enchant armour
 n - 2 scrolls of identify
 p - a scroll of blinking
 r - 2 scrolls of magic mapping
 v - 3 scrolls of silence
 C - 3 scrolls of summoning
 G - 2 scrolls of immolation
 Q - a scroll of remove curse
 S - a scroll of recharging
 Y - a scroll of torment
Jewellery
 d - an uncursed ring of teleportation
 g - the ring of Vitality (on tentacle) {HP+15 Regen}
   (You bought it in a shop on level 4 of the Orcish Mines)

   [ring of regeneration]

   It affects your health (+15).
   It increases your rate of regeneration.
 h - the ring "Xetojy" (left tentacle) {rC+ Str+3 Dex+2}
   (You found it on level 12 of the Dungeon)

   [ring of protection from cold]

   It affects your strength (+3).
   It affects your dexterity (+2).
   It protects you from cold.
 i - an uncursed ring of regeneration
 k - an uncursed amulet of warding
 o - an uncursed ring of protection from cold
 q - a ring of wizardry (on tentacle)
 w - an amulet of faith (around mantle)
 x - a +3 ring of protection (right tentacle)
 y - a ring of poison resistance (on tentacle)
 B - a ring of wizardry (on tentacle)
 K - a ring of regeneration (on tentacle)
 P - a ring of wizardry (on tentacle)
Potions
 m - a potion of cancellation
 z - 4 potions of curing
 M - a potion of restore abilities
 U - 2 potions of haste
 W - 4 potions of might
 X - 5 potions of resistance
Books
 L - a tome of Destruction
Miscellaneous
 t - a phial of floods (inert)
 E - a disc of storms
Rods
 H - a +9 rod of inaccuracy (16/16) (weapon)
   (You found it on level 8 of the Lair of Beasts)


   Skills:
 - Level 7.2 Fighting
   Level 1.0 Short Blades
 - Level 7.1 Maces & Flails
 - Level 10.6 Dodging
 - Level 1.3 Stealth
 * Level 14.9 Shields
 * Level 6.5 Spellcasting
 + Level 5.8 Conjurations
 - Level 6.2 Fire Magic
 - Level 14.3 Invocations
 - Level 15.0 Evocations


You had 15 spell levels left.
You knew the following spells:

 Your Spells              Type           Power        Failure   Level  Hunger
a - Fireball              Conj/Fire      ####......   6%          5    #####..
b - Sticky Flame          Conj/Fire      ####....     2%          4    ####...
c - Conjure Flame         Conj/Fire      ####....     1%          3    ##.....
d - Apportation           Tloc           #.........   2%          1    None


Dungeon Overview and Level Annotations

Branches:
Dungeon (15/15) Temple (1/1) D:6 Orc (4/4) D:9 Elf (0/3) Orc:3 Lair (8/8) D:8 Shoals (5/5) Lair:4 Spider (0/5) Lair:5 Slime (0/6) Lair:7 Lair:8 Vaults (0/5) D:13 Depths (0/5) D:15

Altars:
Ashenzari
Cheibriados
Dithmenos
Elyvilon
Fedhas
Gozag
Kikubaaqudgha
Makhleb
Nemelex Xobeh
Okawaru
Qazlal
Ru
Sif Muna
Trog
Vehumet
Xom
Yredelemnul
Zin
The Shining One
Beogh
Jiyva

Shops:
D:6 (:   D:7 !*?   D:12 !   D:15 ?   Orc:2 [?[((   Orc:3 *   Orc:4 :==(
Shoals:4 ?

Portals:
Trove: D:10 (give 12 potions of heal wounds)

Annotations:
Lair:8 exclusion: 4 oklob plants


Innate Abilities, Weirdness & Mutations

You cannot wear most types of armour.
You are amphibious.
You can wear up to eight rings at the same time.
You can use your tentacles to constrict many enemies at once.
Your skin changes colour to match your surroundings (Stealth).
Your rubbery body absorbs attacks (AC +1).
You are partially covered in rugged brown scales (AC +1, +3% HP).
You tend to lose your temper in combat.
You are good at translocating small distances at will.
You can breathe flames.
You are clumsy. (Dex -2)
You are resistant to hostile enchantments.
You passively map a small area around you.
You are robust (+10% HP).
You occasionally shout uncontrollably at your foes.
You are resistant to electric shocks.


Message History

The water rises up and takes form.
The merfolk moves out of view.
The merfolk hits you from afar with a trident!
* * * LOW HITPOINT WARNING * * *
Your wandering mushroom releases spores at the sea snake!!
The sea snake is engulfed in a cloud of spores!
The sea snake appears confused.
The merfolk barely misses you.
Your wandering mushroom releases spores at the sea snake!
The sea snake dies!
The merfolk throws a tomahawk.
The tomahawk hits your water elemental!
You hear a splash.
The merfolk throws a tomahawk of dispersal.
The tomahawk of dispersal hits your oklob plant.
Your wandering mushroom releases spores at the griffon.
The griffon is engulfed in a cloud of spores!
The merfolk javelineer is engulfed in a cloud of scalding steam.
The merfolk javelineer throws a javelin of penetration.
The javelin of penetration pierces through your water elemental!
The javelin of penetration pierces through you!!
You die...
Fedhas appreciates your contribution to the ecosystem.

≈≈*****≈.....≈≈≈≈≈≈≈≈≈≈≈≈≈,≈≈≈≈,,
≈**,,,*#.....≈≈≈≈≈≈≈≈≈≈≈≈≈≈≈≈≈≈≈,
≈*,,,,,#≈≈≈≈≈S≈≈≈≈≈≈≈≈,≈≈≈,≈≈≈≈≈,
≈*,,,,,#≈≈≈≈.≈≈≈≈≈≈≈≈..,,,*****,,
≈*,,,,,#≈≈≈≈≈≈≈≈≈≈≈≈≈≈≈≈,**,,,**,
,**,,,*#≈≈≈.≈(≈≈≈≈≈≈≈≈≈≈≈*,,,,,*≈
,,**+*#.≈≈).m≈≈≈m≈≈≈≈≈≈≈≈*,,,,,*≈
,,,,,,.≈≈≈m≈≈≈m§§f###,≈≈≈*,,,,,*≈
,,,,,,.≈≈≈m≈≈≈mE@f#*,,≈≈≈**,,,**≈
≈≈≈≈,≈≈≈≈mmmm≈≈PPf.#,,≈≈≈≈**+**≈≈
≈≈≈≈≈≈≈≈≈≈≈§≈≈PP≈H.#,≈≈≈≈≈,,,≈≈≈≈
≈≈≈≈≈≈≈≈≈≈≈m§≈≈P≈P...≈≈≈≈≈,,,,≈≈≈
≈≈≈≈≈≈≈≈≈≈≈≈m≈≈PP≈≈≈≈≈≈≈≈≈≈,,,,,≈
≈≈≈≈≈≈≈≈≈≈≈≈≈≈≈≈≈≈≈≈≈≈≈≈≈≈≈≈,,,,,
≈≈≈≈≈≈≈≈≈≈≈≈≈≈≈≈≈≈≈≈≈≈≈≈≈≈≈≈≈,,,,
≈,,≈≈≈≈≈≈≈≈≈≈≈≈≈≈≈≈≈≈,≈≈≈≈≈≈≈<,,,
≈,,≈≈≈≈≈≈≈≈≈≈≈≈≈≈≈≈≈≈,,≈≈≈≈≈≈,,,≈


You could see a merfolk javelineer, a griffon (bleeding), a sea snake
(confused), 7 merfolk, 3 friendly oklob plants, 3 friendly wandering mushrooms
and a friendly water elemental.

Vanquished Creatures
  A kraken (Shoals:1)
  Louise (Shoals:1)
  An ettin (D:15)
  2 wandering mushrooms (Shoals:1)
  A fire elemental (D:10)
  7 merfolk impalers
  A vault guard (D:13)
  3 hydras
  Harold (D:15)
  3 merfolk avatars
  3 centaur warriors
  Erica (D:13)
  2 merfolk aquamancers
  A deep troll shaman (Lair:8)
  2 satyrs
  An orc high priest (Orc:4)
  8 death yaks
  A hell knight (D:15)
  2 catoblepae
  3 earth elementals (D:13)
  An unseen horror (D:14)
  A wizard (D:14)
  A lindwurm (Lair:8)
  6 hill giants
  2 sea snakes
  12 harpies
  4 orc knights
  A wolf spider (Orc:2)
  7 griffons
  8 fauns
  2 orc sorcerers (Orc:4)
  6 cyclopes
  3 ugly things
  12 manticores
  5 water nymphs
  3 sirens
  A drowned soul (Shoals:1)
  7 black mambas
  2 torpor snails
  A gargoyle (D:11)
  15 elephants
  A yaktaur (shapeshifter) (D:14)
  4 komodo dragons
  A spriggan druid (Lair:6)
  2 wind drakes
  8 spiny frogs
  An efreet (D:15)
  4 fire drakes
  2 guardian mummies
  2 trolls
  4 two-headed ogres
  2 polar bears (Lair:6)
  A tengu conjurer (D:13)
  24 merfolk
  Prince Ribbit (D:7)
  2 snapping turtles
  A hydra skeleton (D:10)
  3 ravens (D:13)
  A minotaur skeleton (Volcano)
  An air elemental (Volcano)
  4 wyverns
  A shadow (D:15)
  13 blink frogs
  A basilisk (Lair:7)
  A deep elf mage (D:11)
  2 flying skulls (Volcano)
  5 water elementals
  A human (shapeshifter) (D:14)
  A neqoxec (Orc:4)
  27 yaks
  4 vampires (Volcano)
  9 hippogriffs
  A hill giant skeleton (D:9)
  22 wolves
  12 water moccasins
  2 mottled dragons
  4 necrophages (Lair:5)
  2 hungry ghosts
  A warg (Orc:3)
  5 black bears
  3 sky beasts
  A black bear (shapeshifter) (D:15)
  10 ogres
  6 spiders
  A yellow wasp (D:12)
  A phantom (D:9)
  9 porcupines
  19 orc warriors
  An ice beast (D:5)
  20 centaurs
  13 crocodiles
  2 big kobolds
  18 giant frogs
  A wyvern zombie (D:6)
  3 scorpions
  An eye of draining (D:13)
  14 killer bees
  4 wights (D:10)
  2 troll skeletons
  A yak skeleton (Orc:4)
  4 bog bodies (Ossuary)
  3 spriggan skeletons (Volcano)
  A giant frog zombie (Ossuary)
  A goliath beetle (D:7)
  2 quasits
  3 electric eels
  4 crimson imps
  10 hounds
  26 orc priests
  3 centaur skeletons
  4 giant frog skeletons
  6 jellies
  12 orange rats
  A basilisk skeleton (D:13)
  Natasha (D:5)
  An elf skeleton (D:15)
  21 orc wizards
  3 two-headed ogre skeletons (Volcano)
  14 worker ants
  3 iguanas
  24 sheep
  A big kobold skeleton (D:11)
  An ogre zombie (Ossuary)
  A mottled dragon skeleton (D:15)
  6 ogre skeletons (D:9)
  2 naga skeletons (Volcano)
  3 hound skeletons
  A hound zombie (Ossuary)
  Terence (D:3)
  15 mummies
  3 gnolls (D:7)
  A scorpion zombie (Ossuary)
  28 adders
  47 green rats
  A shadow imp (D:5)
  A worm zombie (Ossuary)
  2 worms
  2 adder zombies (Ossuary)
  A gnoll zombie (D:6)
  16 orc skeletons
  3 giant geckos
  2 oozes
  150 orcs
  A bat zombie (Ossuary)
  6 giant cockroaches
  18 hobgoblins
  13 jackals
  4 ball pythons
  A ball python zombie (Ossuary)
  18 bats
  2 giant gecko zombies
  3 giant newts
  18 goblins
  6 goblin skeletons (D:9)
  A goblin zombie (Ossuary)
  5 hobgoblin skeletons (D:9)
  A hobgoblin zombie (Ossuary)
  14 kobolds
  An orc zombie (Ossuary)
  17 quokkas
  A quokka zombie (Ossuary)
  41 rats
  4 rat skeletons (Orc:4)
  2 rat zombies (Ossuary)
  A bush (Lair:1)
  71 fungi
  32 plants
  A tentacle (Shoals:1)
  A tentacle segment (Shoals:1)
1176 creatures vanquished.

Vanquished Creatures (collateral kills)
  Rupert (D:14)
  2 air elementals (Orc:4)
  2 water elementals
  A merfolk javelineer (Shoals:5)
  3 merfolk impalers
  2 ogre magi (D:15)
  2 orc high priests (Orc:4)
  A tengu warrior (D:15)
  3 sea snakes
  An earth elemental (D:10)
  2 wandering mushrooms (Orc:4)
  2 orc knights (Orc:4)
  6 harpies (Shoals:4)
  A hill giant (D:15)
  2 ugly things (D:14)
  A faun (Shoals:2)
  An orc sorcerer (Orc:4)
  A siren (Shoals:4)
  3 manticores
  A smoke demon (Orc:4)
  A fire drake (Lair:4)
  A troll (Orc:1)
  A raven (D:13)
  11 merfolk
  A redback (Orc:2)
  A wyvern (D:10)
  2 snapping turtles (Shoals:4)
  A hippogriff (Shoals:1)
  Grum (D:11)
  3 vampire mosquitoes (D:13)
  A hungry ghost (D:8)
  A water moccasin (D:7)
  3 wolves (D:11)
  A spider (Orc:2)
  7 orc warriors
  4 centaurs
  A necrophage (Lair:5)
  A yak skeleton (Orc:4)
  2 orc priests
  An orc wizard (Orc:4)
  Ijyb (D:5)
  A mummy (Ossuary)
  A gnoll (D:7)
  A worker ant zombie (Ossuary)
  An adder (D:8)
  14 orcs
  2 giant spores (Shoals:1)
  A goblin (Orc:4)
  4 orc skeletons
  2 orc zombies
  A quokka (D:5)
  5 rat skeletons (Orc:4)
  A rat zombie (Ossuary)
118 creatures vanquished.

Vanquished Creatures (others)
  2 oklob plants
  30 wandering mushrooms
  A satyr (Shoals:3)
  A drowned soul (Shoals:1)
  A necrophage (D:10)
  A centaur (D:13)
  A fire crab zombie (D:15)
  An orc priest (Orc:4)
  5 sheep (D:3)
  A worker ant zombie (D:10)
  An orc skeleton (Orc:4)
  A giant gecko (D:7)
  3 giant spores
  2 rat skeletons (Orc:4)
  3 ballistomycetes (D:11)
  13 fungi
  24 plants
  7 tentacles (Shoals:1)
  196 tentacle segments (Shoals:1)
  384 toadstools
678 creatures vanquished.

Grand Total: 1972 creatures vanquished

Notes
Turn   | Place    | Note
--------------------------------------------------------------
     0 | D:1      | M4edhros, the Octopode Artificer, began the quest for the Orb.
     0 | D:1      | Reached XP level 1. HP: 13/13 MP: 1/1
   337 | D:1      | Reached XP level 2. HP: 8/18 MP: 3/3
   735 | D:2      | Reached skill level 4 in Evocations
   735 | D:2      | Reached XP level 3. HP: 19/23 MP: 5/5
   880 | D:4      | Noticed a scorpion
   892 | D:4      | Killed a scorpion
   892 | D:4      | Reached XP level 4. HP: 28/28 MP: 7/7
   916 | D:4      | Found a bloodstained altar of Trog.
  1214 | D:4      | Reached skill level 5 in Evocations
  1258 | D:4      | Reached XP level 5. HP: 12/33 MP: 9/9
  1951 | D:5      | Entered Level 5 of the Dungeon
  1952 | D:5      | Noticed an ice beast
  1953 | D:5      | Noticed Ijyb
  1981 | D:5      | Killed Ijyb
  1981 | D:5      | Reached XP level 6. HP: 35/38 MP: 11/11
  1996 | D:5      | Killed an ice beast
  1996 | D:5      | Reached skill level 6 in Evocations
  2071 | D:5      | Noticed Natasha
  2248 | D:6      | Found a staircase to the Ecumenical Temple.
  2254 | Temple   | Entered the Ecumenical Temple
  2338 | Temple   | Became a worshipper of Qazlal Stormbringer
  2438 | D:5      | Reached skill level 5 in Dodging
  2886 | D:3      | Reached XP level 7. HP: 43/43 MP: 14/14
  2960 | D:3      | Noticed a centaur
  2965 | D:3      | Killed a centaur
  2965 | D:3      | Reached skill level 1 in Invocations
  3270 | D:3      | Reached skill level 7 in Evocations
  3351 | D:3      | Found a shimmering altar of Xom.
  3525 | D:3      | Noticed Terence
  3538 | D:3      | Killed Terence
  3684 | D:2      | Acquired Qazlal's first power
  4971 | D:5      | Killed Natasha
  5035 | D:6      | Acquired Qazlal's second power
  5164 | D:6      | Reached XP level 8. HP: 41/48 MP: 18/18
  5378 | D:6      | Found Uzxyox's Book Emporium.
  5402 | D:6      | Bought a tome of Destruction for 195 gold pieces
  5433 | D:6      | Found Wafif's Antique Weapon Shop.
  5500 | D:7      | Found Tiuxehei's Assorted Antiques.
  5504 | D:7      | Reached skill level 5 in Invocations
  5504 | D:7      | Reached skill level 8 in Evocations
  5602 | D:7      | Found Reucou's Distillery.
  5678 | D:7      | Found a sand-covered staircase.
  5679 | D:7      | Noticed Prince Ribbit
  5686 | Ossuary  | Entered an ossuary
  5773 | Ossuary  | Your ally decayed died
  5779 | Ossuary  | Acquired Qazlal's third power
  5972 | Ossuary  | Reached XP level 9. HP: 44/53 MP: 20/20
  6079 | Ossuary  | Identified a scroll of acquirement
  6093 | D:7      | Killed Prince Ribbit
  6093 | D:7      | Reached skill level 1 in Shields
  6258 | D:7      | Found Mafeiwus' Magic Scroll Shoppe.
  6790 | D:8      | Found a staircase to the Lair.
  6813 | D:8      | Found a shattered altar of Ashenzari.
  6897 | D:8      | Reached skill level 5 in Shields
  6897 | D:8      | Reached XP level 10. HP: 58/58 MP: 22/22
  6956 | D:8      | Acquired Qazlal's fourth power
  7126 | D:8      | Reached skill level 9 in Invocations
  7528 | Lair:1   | Entered Level 1 of the Lair of Beasts
  8252 | Lair:1   | Reached skill level 10 in Invocations
  8621 | Lair:2   | Acquired Qazlal's fifth power
  8665 | Lair:2   | Noticed a black mamba
  8673 | Lair:2   | Killed a black mamba
  8673 | Lair:2   | Reached skill level 1 in Maces & Flails
  9211 | Lair:2   | Reached XP level 11. HP: 51/64 MP: 25/25
  9445 | Lair:3   | Noticed a catoblepas
  9465 | Lair:3   | Killed a catoblepas
 10409 | Lair:4   | Noticed a six-headed hydra
 10411 | Lair:4   | Reached skill level 11 in Invocations
 10434 | Lair:4   | Killed a six-headed hydra
 10472 | Lair:4   | Found a staircase to the Shoals.
 10771 | Lair:4   | Upgraded the game from 0.16-a0-778-g0731923 to 0.16-a0-783-gf476f6a
 11266 | Lair:5   | Reached XP level 12. HP: 72/74 MP: 27/27
 11397 | Lair:5   | Reached skill level 10 in Evocations
 11792 | Lair:6   | Reached skill level 12 in Invocations
 12111 | Lair:7   | Reached skill level 5 in Maces & Flails
 12290 | Lair:7   | Reached skill level 10 in Shields
 12292 | Lair:7   | Found a dark tunnel.
 12302 | Volcano  | Entered a volcano
 12454 | Volcano  | Reached skill level 5 in Fighting
 12890 | Lair:7   | Noticed a death yak
 12893 | Lair:7   | Noticed a death yak
 12911 | Lair:7   | Killed a death yak
 12913 | Lair:7   | Noticed a death yak
 12921 | Lair:7   | Noticed a death yak
 12937 | Lair:7   | Killed a death yak
 12937 | Lair:7   | Reached XP level 13. HP: 65/81 MP: 23/29
 12976 | Lair:7   | Killed a death yak
 12996 | Lair:8   | Entered Level 8 of the Lair of Beasts
 13066 | Lair:8   | Found a viscous altar of Jiyva.
 13067 | Lair:8   | Found a staircase to the Slime Pits.
 13457 | Lair:8   | Reached skill level 10 in Dodging
 13731 | Lair:8   | Reached skill level 13 in Invocations
 14185 | Lair:8   | Identified a +8 rod of inaccuracy (11/11) (You found it on level 8 of the Lair of Beasts)
 14977 | Temple   | Fell from the grace of Qazlal
 14977 | Temple   | Became a worshipper of Fedhas Madash
 15651 | Lair:5   | Found a hole to the Spider Nest.
 15673 | Lair:5   | Reached XP level 14. HP: 27/90 MP: 30/30
 16027 | Lair:7   | Found a staircase to the Slime Pits.
 16073 | Lair:7   | Acquired Fedhas' first power
 16450 | Lair:7   | Noticed an eight-headed hydra
 16454 | Lair:7   | Killed an eight-headed hydra
 16927 | D:9      | Acquired Fedhas' second power
 16935 | D:9      | Found a staircase to the Orcish Mines.
 17043 | D:9      | Acquired Fedhas' third power
 17564 | D:10     | Entered Level 10 of the Dungeon
 17779 | D:10     | Found a portal to a secret trove of treasure.
 18377 | Orc:1    | Entered Level 1 of the Orcish Mines
 18754 | Orc:1    | Upgraded the game from 0.16-a0-783-gf476f6a to 0.16-a0-791-gf1c67de
 18790 | Orc:1    | Found a bloodstained altar of Trog.
 18872 | Orc:1    | Acquired Fedhas' fourth power
 18950 | Orc:2    | Found Bauva's Antique Armour Shoppe.
 19241 | Orc:2    | Acquired Fedhas' fifth power
 19473 | Orc:2    | Found Saoj's Magic Scroll Shop.
 19480 | Orc:2    | Bought a scroll of teleportation for 36 gold pieces
 19480 | Orc:2    | Bought a scroll of recharging for 114 gold pieces
 19692 | Orc:3    | Found a shimmering altar of Xom.
 19706 | Orc:3    | Found Kusud's General Store.
 19712 | Orc:3    | Bought 2 fruits for 42 gold pieces
 19860 | Orc:3    | Found a staircase to the Elven Halls.
 20255 | Orc:4    | Entered Level 4 of the Orcish Mines
 20489 | Orc:4    | Found a white marble altar of Elyvilon.
 20828 | Orc:4    | Found Ekuoraz's Book Boutique.
 20828 | Orc:4    | Found Gafruz's Antique Weapon Emporium.
 20920 | Orc:4    | Found Ebim's Jewellery Boutique.
 20921 | Orc:4    | Found Shruig's Jewellery Emporium.
 20929 | Orc:4    | Bought the ring of Vitality {HP+15 Regen} for 444 gold pieces
 20930 | Orc:4    | Upgraded the game from 0.16-a0-791-gf1c67de to 0.16-a0-890-g98fc465
 20939 | Orc:4    | Bought a book of Flames for 560 gold pieces
 20946 | Orc:4    | Learned a level 5 spell: Fireball
 20951 | Orc:4    | Learned a level 4 spell: Sticky Flame
 20955 | Orc:4    | Learned a level 3 spell: Conjure Flame
 20968 | Orc:4    | Bought an uncursed ring of wizardry for 390 gold pieces
 21369 | Orc:2    | Found Kuacugg's Antique Weapon Emporium.
 21369 | Orc:2    | Found Shrecaih's Antique Armour Shop.
 21375 | Orc:2    | Found a roughly hewn altar of Beogh.
 21650 | Orc:2    | Bought a shiny large shield for 135 gold pieces
 21787 | Orc:2    | Found Psiatan's Weapon Shop.
 21839 | D:9      | Upgraded the game from 0.16-a0-890-g98fc465 to 0.16-a0-910-g739c61c
 22309 | D:11     | Reached skill level 1 in Conjurations
 22546 | D:11     | Reached skill level 1 in Fire Magic
 22551 | D:11     | Reached skill level 1 in Spellcasting
 22641 | D:11     | Noticed Grum
 22649 | D:11     | Killed Grum
 22735 | D:11     | Learned a level 1 spell: Apportation
 23163 | Orc:2    | Upgraded the game from 0.16-a0-910-g739c61c to 0.16-a0-922-gae79c9c
 23301 | D:6      | Bought a faintly glowing mace for 168 gold pieces
 23302 | D:6      | Identified the +0 mace "Giutu" {freeze, rN+ MR+ Int-1 SInv} (You bought it in a shop on level 6 of the Dungeon)
 23303 | D:6      | Bought a runed hunting sling for 31 gold pieces
 23521 | D:12     | Found Crae's Distillery.
 23578 | D:12     | Bought a potion of mutation for 37 gold pieces
 23579 | D:12     | Gained mutation: You tend to lose your temper in combat. [potion of mutation]
 23579 | D:12     | Gained mutation: You occasionally shout uncontrollably at your foes. [potion of mutation]
 23608 | D:12     | Reached skill level 14 in Invocations
 23657 | D:12     | Got a fine marble ring
 23843 | D:12     | Identified the ring "Xetojy" {rC+ Str+3 Dex+2} (You found it on level 12 of the Dungeon)
 24154 | D:13     | Noticed Erica
 24157 | D:13     | Killed Erica
 24238 | D:12     | Reached XP level 15. HP: 41/97 MP: 31/31
 25045 | D:13     | Found a gate to the Vaults.
 25610 | D:14     | Found a shimmering altar of Xom.
 25750 | D:14     | Upgraded the game from 0.16-a0-922-gae79c9c to 0.16-a0-956-g65bd446
 25823 | D:14     | Gained mutation: One of your tentacles bears a spike. [mutagenic meat]
 25824 | D:14     | Gained mutation: You can breathe flames. [mutagenic meat]
 25876 | D:14     | Found a radiant altar of Vehumet.
 25895 | D:14     | Noticed Rupert
 25928 | D:14     | Killed Rupert
 26228 | D:14     | Gained mutation: You can translocate small distances at will. [mutagenic meat]
 26229 | D:14     | Lost mutation: One of your tentacles bears a spike. [mutagenic meat]
 26250 | D:15     | Entered Level 15 of the Dungeon
 26290 | D:15     | Found Pnodatwa's Magic Scroll Emporium.
 26304 | D:15     | Bought a scroll of recharging for 171 gold pieces
 26304 | D:15     | Bought a scroll of teleportation for 54 gold pieces
 26396 | D:15     | Found a staircase to the Depths.
 26610 | D:15     | Was forgiven by Qazlal
 26691 | D:15     | Noticed Harold
 26695 | D:15     | Killed Harold
 26990 | D:15     | Gained mutation: You are weak. (Str -2) [mutagenic meat]
 27098 | D:15     | Upgraded the game from 0.16-a0-956-g65bd446 to 0.16-a0-1009-g0339a9e
 27476 | Shoals:1 | Entered Level 1 of the Shoals
 27556 | Shoals:1 | Noticed Louise
 27570 | Shoals:1 | Killed Louise
 28061 | Shoals:1 | Noticed a kraken
 28135 | Shoals:1 | Killed a kraken
 28156 | Shoals:1 | Gained mutation: You are clumsy. (Dex -2) [potion of mutation]
 28156 | Shoals:1 | Gained mutation: You are resistant to hostile enchantments. [potion of mutation]
 28156 | Shoals:1 | Gained mutation: You are partially covered in rugged brown scales (AC +1, +3% HP). [potion of mutation]
 28323 | Shoals:2 | Reached XP level 16. HP: 106/106 MP: 32/32
 28410 | Shoals:2 | Reached skill level 5 in Fire Magic
 28806 | Shoals:3 | Gained mutation: You are good at translocating small distances at will. [potion of beneficial mutation]
 29456 | Shoals:3 | Reached skill level 5 in Conjurations
 29567 | Shoals:3 | Reached skill level 15 in Evocations
 29650 | Shoals:4 | Reached skill level 5 in Spellcasting
 29985 | Shoals:4 | Gained mutation: You passively map a small area around you. [potion of mutation]
 29985 | Shoals:4 | Gained mutation: You are resistant to electric shocks. [potion of mutation]
 29985 | Shoals:4 | Lost mutation: You are weak. (Str -2) [potion of mutation]
 29986 | Shoals:4 | Gained mutation: You are robust (+10% HP). [potion of mutation]
 30418 | Shoals:4 | Found Brutsismo's Magic Scroll Shop.
 30595 | Shoals:5 | Entered Level 5 of the Shoals
 30606 | Shoals:5 | Hit by a javelin of penetration thrown by a merfolk javelineer

Action                   |  1- 3 |  4- 6 |  7- 9 | 10-12 | 13-15 | 16-18 || total
-------------------------+-------+-------+-------+-------+-------+-------++-------
Melee: Short sword       |    46 |    32 |       |       |       |       ||    78
       Flail             |       |    56 |   352 |   699 |   325 |       ||  1432
       Rod               |       |       |       |       |   640 |   156 ||   796
 Fire: Hunting sling     |     3 |    14 |       |       |       |       ||    17
Throw: Javelin           |     5 |     7 |       |       |       |       ||    12
 Cast: Apportation       |       |       |       |       |     3 |       ||     3
       Conjure Flame     |       |       |       |       |    11 |       ||    11
       Fireball          |       |       |       |       |     5 |    20 ||    25
Invok: Upheaval          |       |       |       |    15 |     7 |       ||    22
       Elemental Force   |       |       |       |     1 |       |       ||     1
       Sunlight          |       |       |       |       |   125 |    40 ||   165
       Evolution         |       |       |       |       |    31 |    18 ||    49
       Rain              |       |       |       |       |     2 |       ||     2
       Growth            |       |       |       |       |     1 |       ||     1
       Reproduction      |       |       |       |       |     1 |     1 ||     2
Evoke: Wand              |     3 |    19 |    32 |    24 |    51 |     5 ||   134
       Rod               |       |       |       |       |   345 |    73 ||   418
       Phial of floods   |       |       |       |       |       |     2 ||     2
  Use: Potion            |     1 |     4 |    13 |     8 |     7 |     6 ||    39
       Scroll            |       |     8 |    10 |    10 |    23 |     7 ||    58
 Stab: Sleeping          |     4 |     6 |     4 |       |     7 |       ||    21
       Paralysed         |     3 |       |       |       |       |       ||     3
       Confused          |       |       |     1 |       |     3 |     4 ||     8
       Distracted        |       |       |       |       |     2 |       ||     2
       Held in net/web   |       |       |       |       |     1 |       ||     1
  Eat: Chunk             |       |     6 |    10 |    24 |    47 |    18 ||   105
       Bread ration      |       |       |     1 |       |     5 |       ||     6
       Meat ration       |       |       |       |     1 |     3 |     1 ||     5
       Pizza             |       |       |       |       |     3 |       ||     3
       Beef jerky        |       |       |       |       |     3 |       ||     3
